 Dungeon Crawl Stone Soup version 0.21.1-1-g345015fe64 (webtiles) character file.

4330 Gargoyl the Chopper (level 10, -7/81 HPs)
             Began as a Centaur Abyssal Knight on Mar 13, 2018.
             Was a High Priest of Lugonu.
             Killed from afar by an orc wizard (8 damage)
             ... with a magic dart
             ... on level 8 of the Dungeon on Mar 14, 2018.
             The game lasted 00:17:56 (10233 turns).

Gargoyl the Chopper (Centaur Abyssal Knight)       Turns: 10233, Time: 00:17:57

Health: -7/81      AC: 13    Str: 16    XL:     10   Next: 12%
Magic:  14/15      EV:  7    Int: 15    God:    Lugonu [*****.]
Gold:   453        SH:  7    Dex: 11    Spells: 9/9 levels left

rFire    + . .     SeeInvis .   u - +6 war axe (curse)
rCold    + . .     Gourm    .   D - +3 buckler of the Pink Corner {rPois Int+4}
rNeg     + . .     Faith    .   h - +1 chain mail
rPois    +         Spirit   .   (no helmet)
rElec    .         Reflect  .   j - scarf {rC+ rF+}
rCorr    .         Harm     .   (no gloves)
MR       ++...                  (no barding)
Stlth    ..........             (no amulet)
HPRegen  0.23/turn              s - ring of positive energy
MPRegen  0.14/turn              d - +3 ring of protection

@: drained, very quick
A: large, hooves 3, repulsion field 1, deformed body, speed 2, magic resistance
2, tough skin 3, wild magic 1
a: Depart the Abyss, Bend Space, Banish, Corrupt, Enter the Abyss, Renounce
Religion


You were on level 8 of the Dungeon.
You worshipped Lugonu.
Lugonu was extremely pleased with you.
You were not hungry.

You visited 1 branch of the dungeon, and saw 8 of its levels.
You visited the Abyss 1 time.
You also visited: Ossuary.

You collected 453 gold pieces.

Inventory:

Hand Weapons
 a - a +5 hand axe
 u - a cursed +6 war axe (weapon)
Missiles
 E - 4 javelins of penetration (quivered)
 F - 6 javelins
Armour
 h - a +1 chain mail (worn)
 j - a scarf of resistance (worn)
 D - the +3 buckler of the Pink Corner (worn) {rPois Int+4}
   (You found it on level 6 of the Dungeon)

   It affects your intelligence (+4).
   It protects you from poison.
Jewellery
 d - a +3 ring of protection (right hand)
 s - a ring of positive energy (left hand)
 t - an uncursed ring of positive energy
Wands
 n - a wand of random effects (30)
Scrolls
 b - a scroll of magic mapping
 f - 2 scrolls of amnesia
 k - 2 scrolls of identify
 m - 3 scrolls of teleportation
 w - 6 scrolls of remove curse
 x - 2 scrolls of fear
 y - a scroll of blinking
Potions
 e - a potion of might
 g - 2 potions of heal wounds
 l - a potion of invisibility
 o - 6 potions of curing
 p - 2 potions of brilliance
 q - a potion of mutation
 r - a potion of magic
 z - 2 potions of agility
 B - 2 potions of berserk rage
 C - a potion of flight
Comestibles
 c - 11 rations
 i - 3 chunks of flesh


   Skills:
 + Level 5.4(5.1) Fighting
 + Level 7.5(7.3) Axes
 + Level 0.5(0.4) Throwing
 * Level 6.6(6.4) Armour
 + Level 2.1(1.9) Dodging
 + Level 2.4(2.2) Shields
 * Level 7.1(6.9) Invocations


You had 9 spell levels left.
You didn't know any spells.

Dungeon Overview and Level Annotations

Branches:
Dungeon (8/15)             Temple (0/1) D:6
   Lair: D:8-11

Altars:
Dithmenos
Elyvilon
Gozag
Hepliaklqana
Kikubaaqudgha
Nemelex Xobeh
Okawaru
Vehumet
Xom
Yredelemnul

Annotations:
Abyss:1 Prince Ribbit


Innate Abilities, Weirdness & Mutations

You have hooves in place of feet.
Armour fits poorly on your strangely shaped body.
You cover ground very quickly.
You have extremely tough skin. (AC +3)
You are surrounded by a mild repulsion field. (EV +2)
You are highly resistant to hostile enchantments. (MR++)
Your spells are a little harder to cast, but a little more powerful.


Message History

The orc warrior hits you with a halberd!
* * * LOW HITPOINT WARNING * * *
The ice beast hits you.
* * * LOW HITPOINT WARNING * * *
The ice beast freezes you. You resist.
* * * LOW HITPOINT WARNING * * *
Space bends sharply around you!
The orc warrior blinks!
You blink.
The orc wizard hits you but does no damage.
The wight hits you with an enchanted flail.
* * * LOW HITPOINT WARNING * * *
You partially resist.
You feel drained. The orc hits you but does no damage.
The orc warrior throws a poisoned tomahawk.
The poisoned tomahawk hits you.
* * * LOW HITPOINT WARNING * * *
You block the orc wizard's attack.
You hear some strange, mumbled words.
A magic dart appears from out of thin air!
Deactivating autopickup; reactivate with Ctrl-A.
The magic dart hits you!
You die...

#.............#
#.............#
#...######.####
#... #.# #...
#.#### #...
#..ยงยง# ###
#####Y######
#....oz....#
#.###@o..#.#
##.#....#.#
.#.........#
.......))o##
.###...(..#
......#(.##
..##...(...# .
#.....#.#
##...o..#


You could see an orc warrior, an ice beast, a wight, an orc wizard and an orc.

Vanquished Creatures
  The ghost of DasRunzen the Grave Robber, a novice DsWn (D:4)
  A hippogriff (D:6)
  A water moccasin (D:7)
  4 orc warriors
  2 sky beasts
  A phantom (D:4)
  2 ogres (D:6)
  2 necrophages
  Blork the orc (D:4)
  A bullfrog (D:6)
  2 scorpions
  12 wights
  4 howler monkeys
  3 vampire bats (D:2)
  2 crimson imps (D:6)
  The ghost of zx48k the Skirmisher, a weakling FeWn (D:3)
  2 centaur zombies
  2 jellies
  A bullfrog skeleton (D:6)
  4 orc priests
  A centaur skeleton (D:6)
  3 hounds
  7 orc wizards
  A gnoll shaman (D:5)
  3 iguanas
  4 worker ants
  A hound zombie (D:6)
  3 hound skeletons
  13 mummies (Ossuary)
  6 gnolls
  9 adders
  4 shadow imps
  3 worms
  4 leopard geckos
  38 orcs
  3 bat skeletons (D:2)
  2 bat zombies (D:2)
  8 giant cockroaches
  9 goblins
  4 hobgoblins
  5 jackals (D:2)
  12 kobolds
  2 quokkas
  A ball python (D:3)
  7 bats
  2 frilled lizards
  A giant cockroach zombie (D:6)
  2 gnoll skeletons (Ossuary)
  3 goblin skeletons (Ossuary)
  2 kobold skeletons (Ossuary)
  An orc skeleton (Ossuary)
  4 rats
  11 rat skeletons (Ossuary)
228 creatures vanquished.

Vanquished Creatures (others)
  The ghost of VanClaymore the Basher, a novice GrMo of Ru (D:7)
  2 ogres
  A centaur (D:6)
  2 iguanas (D:6)
  A leopard gecko (D:6)
  A butterfly (D:6)
8 creatures vanquished.

Grand Total: 236 creatures vanquished

Notes
Turn   | Place    | Note
-------+----------+-------------------------------------------
     0 | Abyss:1  | Gargoyl the Centaur Abyssal Knight began the quest for the Orb.
     0 | Abyss:1  | Reached XP level 1. HP: 19/19 MP: 2/2
    73 | Abyss:1  | Noticed a small abomination
    96 | Abyss:1  | Noticed an iron imp
   125 | D:1      | Escaped the Abyss
   421 | D:1      | Reached XP level 2. HP: 25/26 MP: 3/3
   726 | D:1      | Reached * piety under Lugonu
  1082 | D:2      | Reached XP level 3. HP: 15/31 MP: 4/4
  1262 | D:2      | Found an ancient bone altar of Kikubaaqudgha.
  1276 | D:2      | Reached XP level 4. HP: 37/38 MP: 4/6
  1329 | D:2      | Reached skill level 1 in Dodging
  1329 | D:2      | Reached XP level 5. HP: 41/45 MP: 7/7
  1812 | D:2      | Found a sparkling altar of Nemelex Xobeh.
  2027 | D:3      | Reached ** piety under Lugonu
  2267 | D:3      | Reached XP level 6. HP: 15/52 MP: 8/8
  2686 | D:3      | Noticed zx48k's ghost (weakling FeWn)
  2694 | D:3      | Killed zx48k's ghost
  3218 | D:3      | Found a hazy altar of Hepliaklqana.
  3224 | D:3      | Found a shadowy altar of Dithmenos.
  3364 | D:4      | Found a sand-covered staircase.
  3375 | Ossuary  | Entered an ossuary
  3483 | Ossuary  | Reached *** piety under Lugonu
  3673 | Ossuary  | Reached XP level 7. HP: 55/58 MP: 9/9
  4355 | D:4      | Noticed Blork the orc
  4368 | D:4      | Killed Blork the orc
  4555 | D:4      | Noticed DasRunzen's ghost (novice DsWn)
  4575 | D:4      | Gained mutation: Potions are less effective at restoring your health. [potion of mutation]
  4575 | D:4      | Gained mutation: You are weak. (Str -2) [potion of mutation]
  4575 | D:4      | Gained mutation: You are surrounded by a mild repulsion field. (EV +2) [potion of mutation]
  4577 | D:5      | Entered Level 5 of the Dungeon
  4774 | D:5      | Reached **** piety under Lugonu
  4783 | D:5      | Noticed Prince Ribbit
  4799 | D:5      | Banished Prince Ribbit
  4799 | D:5      | Reached skill level 5 in Axes
  4867 | D:4      | Lost mutation: You are weak. (Str -2) [potion of mutation]
  4867 | D:4      | Lost mutation: Potions are less effective at restoring your health. [potion of mutation]
  4867 | D:4      | Gained mutation: You have a pair of small horns on your head. [potion of mutation]
  4867 | D:4      | Gained mutation: You are frail. (-10% HP) [potion of mutation]
  4867 | D:4      | Gained mutation: Your magical capacity is low. (-10% MP) [potion of mutation]
  4867 | D:4      | Gained mutation: You are resistant to hostile enchantments. (MR+) [potion of mutation]
  4868 | D:4      | Lost mutation: Your magical capacity is low. (-10% MP) [potion of mutation]
  4868 | D:4      | Lost mutation: You are frail. (-10% HP) [potion of mutation]
  4868 | D:4      | Lost mutation: You have a pair of small horns on your head. [potion of mutation]
  4868 | D:4      | Gained mutation: Your flesh is heat resistant. (rF+) [potion of mutation]
  4868 | D:4      | Gained mutation: Your body sometimes deteriorates upon taking damage. [potion of mutation]
  4868 | D:4      | Gained mutation: Your body often deteriorates upon taking damage. [potion of mutation]
  4868 | D:4      | Gained mutation: Your spells are a little harder to cast, but a little more powerful. [potion of mutation]
  4869 | D:4      | Lost mutation: Your spells are a little harder to cast, but a little more powerful. [potion of mutation]
  4869 | D:4      | Lost mutation: Your body often deteriorates upon taking damage. [potion of mutation]
  4869 | D:4      | Gained mutation: Your muscles are strong. (Str +2) [potion of mutation]
  4869 | D:4      | Lost mutation: Your muscles are strong. (Str +2) [potion of mutation]
  4869 | D:4      | Gained mutation: You have a pair of small horns on your head. [potion of mutation]
  4870 | D:4      | Lost mutation: You have a pair of small horns on your head. [potion of mutation]
  4870 | D:4      | Lost mutation: Your flesh is heat resistant. (rF+) [potion of mutation]
  4870 | D:4      | Lost mutation: Your body sometimes deteriorates upon taking damage. [potion of mutation]
  4870 | D:4      | Gained mutation: Your magical capacity is low. (-10% MP) [potion of mutation]
  4870 | D:4      | Gained mutation: You are highly resistant to hostile enchantments. (MR++) [potion of mutation]
  4870 | D:4      | Gained mutation: Your spells are a little harder to cast, but a little more powerful. [potion of mutation]
  4870 | D:4      | Lost mutation: Your magical capacity is low. (-10% MP) [potion of mutation]
  5298 | D:4      | Reached skill level 1 in Shields
  5298 | D:4      | Reached XP level 8. HP: 54/66 MP: 11/11
  5798 | D:4      | Found a radiant altar of Vehumet.
  5936 | D:4      | Killed DasRunzen's ghost
  5936 | D:4      | Reached skill level 5 in Invocations
  6480 | D:5      | Reached skill level 5 in Armour
  6841 | D:5      | Found an iron altar of Okawaru.
  7262 | D:5      | Found a basalt altar of Yredelemnul.
  7311 | D:6      | Found a shimmering altar of Xom.
  7327 | D:6      | Noticed a hippogriff
  7355 | D:6      | Got a steaming buckler
  7384 | D:6      | Reached XP level 9. HP: 25/72 MP: 13/13
  7606 | D:7      | Noticed VanClaymore's ghost (novice GrMo)
  7609 | D:7      | Banished VanClaymore's ghost
  7950 | D:6      | Identified the +3 buckler of the Pink Corner {rPois Int+4} (You found it on level 6 of the Dungeon)
  8294 | D:6      | Reached skill level 5 in Fighting
  8809 | D:6      | Found a white marble altar of Elyvilon.
  9081 | D:6      | Found a staircase to the Ecumenical Temple.
  9283 | D:6      | Found an opulent altar of Gozag.
 10138 | D:8      | Reached ***** piety under Lugonu
 10138 | D:8      | Reached XP level 10. HP: 66/81 MP: 15/15
 10233 | D:8      | HP: 1/81 [orc warrior/poisoned tomahawk (4)]
 10233 | D:8      | Killed from afar by an orc wizard

Skill      XL: |  1  2  3  4  5  6  7  8  9 10 |
---------------+-------------------------------+-----
Axes           | 2 3 4 5 6 7 |  7.5
Armour         | 2 3 4 5 6 |  6.6
Invocations    | 3 4 5 6 7 |  7.1
Dodging        | 1 2 |  2.1
Fighting       | 4 5 |  5.4
Shields        | 1 2 |  2.4
Throwing       | |  0.5

Action                   |  1- 3 |  4- 6 |  7- 9 | 10-12 || total
-------------------------+-------+-------+-------+-------++-------
Melee: Hand axe          |    95 |   205 |   596 |    10 ||   906
       Kick              |    14 |    44 |   137 |     8 ||   203
       War axe           |       |       |       |    23 ||    23
Throw: Javelin           |       |       |     6 |     1 ||     7
Invok: Depart the Abyss  |     1 |       |       |       ||     1
       Banish            |       |       |     3 |       ||     3
       Bend Space        |       |       |       |     1 ||     1
  Use: Scroll            |       |     7 |    20 |     1 ||    28
       Potion            |       |       |    12 |       ||    12
  Eat: Chunk             |       |     7 |    10 |       ||    17
       Ration            |       |       |     3 |       ||     3
Armor: Leather armour    |    14 |       |       |       ||    14
       Chain mail        |    81 |   182 |   316 |    16 ||   595
       Skin              |       |       |    38 |       ||    38
Dodge: Dodged            |    30 |    48 |   129 |    14 ||   221
Block: Buckler           |       |    34 |   142 |    22 ||   198
